 Dungeon Crawl Stone Soup version 0.29.1-13-g9f3cf754e1 (webtiles) character file.

Game seed: 2298815131732665065

406 cdecastro the Cudgeller (level 6, -3/62 HPs)
             Began as an Ogre Fighter on Feb 5, 2023.
             Slain by a gnoll
             ... wielding a +0 spear
              (6 damage)
             ... on level 4 of the Dungeon.
             The game lasted 00:06:17 (4273 turns).

cdecastro the Cudgeller (Ogre Fighter)              Turns: 4273, Time: 00:06:18

Health: -3/62      AC:  3    Str: 21    XL:     6   Next: 87%
Magic:  6/6        EV: 18    Int:  9    God:
Gold:   244        SH:  0    Dex: 10    Spells: 5/5 levels left

rFire   . . .      SeeInvis .   a - +0 flail
rCold   . . .      Faith    .   (no shield)
rNeg    . . .      Spirit   .   b - +0 robe
rPois   .          Reflect  .   (helmet restricted)
rElec   .          Harm     .   (no cloak)
rCorr   .          Rampage  .   (gloves unavailable)
Will    .....                   (boots unavailable)
Stlth   +.........              (no amulet)
HPRegen 0.20/turn               s - +4 ring of evasion
MPRegen 0.10/turn               u - +4 ring of evasion

@: no status effects
A: large, unfitting armour, tough skin 1
a: no special abilities


You were on level 4 of the Dungeon.
You visited 1 branch of the dungeon, and saw 4 of its levels.

You collected 244 gold pieces.

Inventory:

Hand Weapons
 a - a +0 flail (weapon)
Missiles
 v - 6 javelins
 y - 4 poisoned darts (quivered)
 A - a boomerang of dispersal
Armour
 b - a +0 robe (worn)
 c - a +0 kite shield
Jewellery
 s - a +4 ring of evasion (left hand)
 u - a +4 ring of evasion (right hand)
Wands
 n - a wand of polymorph (5)
Scrolls
 e - 2 scrolls of silence {unknown}
 f - 3 scrolls of teleportation {unknown}
 g - 4 scrolls of enchant armour {unknown}
 h - a scroll of blinking {unknown}
 i - a scroll of butterflies {unknown}
 j - 2 scrolls of noise {unknown}
 k - 3 scrolls of identify {unknown}
 m - 2 scrolls of poison {unknown}
 q - a scroll of vulnerability {unknown}
 x - 2 scrolls of fear {unknown}
Potions
 d - 2 potions of might
 l - 3 potions of curing {unknown}
 o - a potion of attraction {unknown}
 p - a potion of flight {unknown}
 r - a potion of lignification {unknown}
 t - 2 potions of haste {unknown}
 w - a potion of degeneration {unknown}
 z - a potion of resistance {unknown}


   Skills:
 - Level 4.0 Fighting
 + Level 6.5 Maces & Flails
 - Level 2.6 Dodging
 - Level 3.0 Shields


You had 5 spell levels left.
You didn't know any spells.
Your spell library contained the following spells:

 Spells                   Type           Power      Damage    Failure   Level
 Foxfire                  Conj/Fire      0%         2x1d4     38%         1
 Blink                    Tloc           0%         N/A       52%         2
 Confusing Touch          Hex            0%         N/A       77%         3
 Gell's Gravitas          Tloc           0%         N/A       77%         3
 Lesser Beckoning         Tloc           0%         N/A       77%         3
 Teleport Other           Tloc           0%         N/A       77%         3
 Manifold Assault         Tloc           0%         N/A       100%        5
 Yara's Violent Unravell  Hex/Tmut       0%         3d3       100%        5
 Dispersal                Tloc           0%         N/A       100%        6
 Enfeeble                 Hex            0%         N/A       100%        7


Dungeon Overview and Level Annotations

Branches:
Dungeon (4/15)
 Temple: D:4-7

Altars:


Innate Abilities, Weirdness & Mutations

You are too large for most types of armour.
You have tough skin. (AC +1)


Message History

You sock the iguana!
You kill the iguana!
The gnoll hits you from afar with a +0 spear.
You hit the gnoll.
The gnoll is moderately wounded.
The gnoll completely misses you.
The gnoll hits you from afar with a +0 spear!
* * * LOW HITPOINT WARNING * * *
You hit the gnoll but do no damage.
The gnoll is moderately wounded.
The gnoll hits you with a +0 flail.
* * * LOW HITPOINT WARNING * * *
The gnoll closely misses you.
You hit the gnoll but do no damage.
The gnoll is moderately wounded.
A gnoll comes into view. It is wielding a +0 flail.
The gnoll hits you with a +0 flail!
* * * LOW HITPOINT WARNING * * *
The gnoll closely misses you.
You barely miss the gnoll.
The gnoll is moderately wounded.
The gnoll misses you.
The gnoll hits you from afar with a +0 spear.
* * * LOW HITPOINT WARNING * * *
The gnoll shouts!
You sock the gnoll!
You kill the gnoll!
The gnoll hits you from afar with a +0 spear.
* * * LOW HITPOINT WARNING * * *
The gnoll barely misses you.
You see here a +0 flail.
You hit the gnoll.
The gnoll is lightly wounded.
The gnoll closely misses you. x2
You barely miss the gnoll.
The gnoll is lightly wounded.
The gnoll hits you with a +0 flail.
* * * LOW HITPOINT WARNING * * *
The gnoll hits you with a +0 spear.
You die...

.... ###...........
...g. #####.......
.....##+##+###
#.......
........$?...#
#.......
#..........#
#.......
#..........#
#....... ####'#
#....... #..gg#
#....... #.##@#
#....... #.##.#
#....... #....##
#>......
######..####
########
#....#.....# #.
#.##.#.###.## ##
#.##...# #..#####
#. #....###
##.....### ##
####.##########...#
#.


You could see 2 gnolls.

Vanquished Creatures
  A scorpion (D:4)
  A jelly (D:3)
  An orc priest (D:4)
  2 hounds (D:4)
  2 iguanas (D:4)
  2 orc wizards
  3 adders
  A gnoll (D:4)
  3 worms
  3 dart slugs
  10 orcs
  8 ball pythons
  2 bats
  5 endoplasms
  A giant cockroach (D:2)
  9 hobgoblins
  2 quokkas (D:1)
  3 frilled lizards
  7 goblins
  5 kobolds
  5 rats
76 creatures vanquished.

Notes
Turn   | Place    | Note
-------+----------+-------------------------------------------
     0 | D:1      | cdecastro the Ogre Fighter began the quest for the Orb.
     0 | D:1      | Reached XP level 1. HP: 24/24 MP: 1/1
    62 | D:1      | Reached skill level 2 in Maces & Flails
   117 | D:1      | Reached XP level 2. HP: 25/32 MP: 2/2
   855 | D:1      | Found a faded altar of an unknown god.
   858 | D:1      | Got Plato's Writings on the Inferno
   935 | D:1      | Reached skill level 3 in Maces & Flails
  1147 | D:2      | Reached XP level 3. HP: 39/39 MP: 3/3
  2012 | D:3      | Reached XP level 4. HP: 39/48 MP: 4/4
  2112 | D:3      | Reached skill level 4 in Maces & Flails
  2816 | D:3      | Reached XP level 5. HP: 54/54 MP: 5/5
  3111 | D:4      | Reached skill level 5 in Maces & Flails
  3370 | D:4      | Reached XP level 6. HP: 24/62 MP: 6/6
  3795 | D:4      | Reached skill level 6 in Maces & Flails
  4273 | D:4      | HP: 3/62 [gnoll/+0 flail (6)]
  4273 | D:4      | Slain by a gnoll

Illustrated notes

Levels and vault maps discovered:
D:1:      dpeg_arrival_water_temple_mockup, layout_basic,
          shapermc_ecumenical_altar_rom_forum
D:2:      layout_loops_ring
D:3:      layout_basic, nicolae_concentric_dashed_squares_wild
D:4:      layout_basic, minmay_rat_hole

Skill      XL: |  1  2  3  4  5  6 |
---------------+-------------------+-----
Maces & Flails | 2 3 4 5 6 |  6.5
Fighting       | |  4.0
Dodging        | |  2.6
Shields        | |  3.0

Action                   |  1- 3 |  4- 6 || total
-------------------------+-------+-------++-------
Melee: Flail             |   104 |   167 ||   271
Armor: Robe              |    30 |    35 ||    65
Dodge: Dodged            |    64 |   111 ||   175
